Map: Coda LE (Void)

Players

Javert - Winner!

  • Race: Zerg Zerg
  • League: Grandmaster

VOD

Have the link to the VOD?

Description

Time

  • Played on: June 21, 2015, 10:45 p.m.
  • Length: 11:53
Show
View Real Time Build Order
Export as new Build Order

Javert Zerg - Winner!

Build Orders: Hatch First 

Get SALT Encoding   

  12  0:02  Drone  
  12  0:13  Overlord  
  12  0:18  Drone  
  12  0:33  Drone x2  
  12  0:37  Drone  
  12  0:54  Hatchery  
  12  0:58  Extractor  
  12  1:00  Drone  
  12  1:03  Drone  
  12  1:11  Drone  
  12  1:20  Spawning Pool  
  12  1:23  Drone  
  12  1:32  Overlord  
  12  1:40  Drone  
  12  1:50  Drone  
  12  2:06  Metabolic Boost  
  12  2:07  Queen  
  12  2:08  Queen  
  12  2:13  Zergling x2  
  12  2:14  Zergling x2  
  12  2:17  Zergling x2  
  12  2:25  Drone x2  
  12  2:28  Drone  
  12  2:34  Drone  
  12  2:42  Drone  
  12  2:50  Overlord  
  12  2:51  Overlord  
  12  2:56  Drone  
  12  3:02  Drone  
  12  3:06  Drone  
  12  3:14  Zergling x2  
  12  3:18  Zergling x2  
  12  3:19  Zergling x14  
  12  3:33  Drone x3  
  12  3:53  Drone  
  12  3:54  Drone x4  
  12  4:04  Hatchery, Drone  
  12  4:05  Overlord x2  
  12  4:07  Extractor  
  12  4:09  Extractor  
  12  4:10  Queen, Extractor  
  12  4:22  Drone, Overlord  
  12  4:29  Evolution Chamber x2, Drone x3, Roach Warren  
  12  4:43  Drone x6  
  12  4:51  Drone x3  
  12  4:56  Zerg Missile Weapons Level 1  
  12  5:02  Zerg Ground Armor Level 1  
  12  5:07  Lair  
  12  5:13  Drone x3  
  12  5:21  Drone x5  
  12  5:31  Drone x4  
  12  5:32  Drone  
  12  5:35  Overlord  
  12  5:46  Overlord x2  
  12  5:49  Drone  
  12  5:50  Drone x5  
  12  6:06  Extractor x2  
  12  6:07  Spine Crawler  
  12  6:09  Spine Crawler  
  12  6:10  Drone x5  
  12  6:11  Drone x4  
  12  6:12  Hydralisk Den  
  12  6:13  Glial Reconstitution  
  12  6:24  Drone x8  
  12  6:25  Drone  
  12  6:37  Spore Crawler  
  12  6:41  Muscular Augments  
  12  6:44  Roach x7  
  12  6:51  Overlord x3  
  12  6:52  Overlord  
  12  7:10  Roach  
  12  7:11  Hydralisk x5  
  12  7:14  Hatchery  
  12  7:16  Extractor x2  
  12  7:20  Roach x2  
  12  7:21  Roach x3  
  12  7:24  Zerg Missile Weapons Level 2  
  12  7:28  Zerg Ground Armor Level 2  
  12  7:36  Hydralisk x3  
  12  7:44  Drone  
  12  7:45  Drone x6  
  12  7:48  Burrow  
  12  8:17  Overlord x4  
  12  8:25  Overlord  
  12  8:30  Infestation Pit  
  12  8:33  Hatchery  
  12  8:40  Roach x5  
  12  8:41  Roach x13  
  12  8:49  Queen  
  12  8:55  Lurker Den  
  12  9:00  Hydralisk  
  12  9:01  Hydralisk x4  
  12  9:07  Hive  
  12  9:16  Overlord x3  
  12  9:30  Spore Crawler  
  12  9:32  Spine Crawler, Queen  
  12  9:33  Spine Crawler x2  
  12  9:35  Spine Crawler  
  12  9:42  Ravager x4  
  12  9:43  Ravager x6  
  12  9:44  Ravager x6  
  12  9:45  Ravager x3  
  12  10:03  Overlord  
  12  10:04  Overlord  
  12  10:18  Pneumatized Carapace  
  12  10:20  Overseer x3  
  12  10:21  Overseer x2  
  12  10:37  Ultralisk Cavern  
  12  11:01  Drone  
  12  11:32  Spire  
  12  11:35  Drone  
  12  11:45  Extractor  
  12  11:47  Extractor  
  12  11:49  Spine Crawler x2  
Tags
 
Add a new tag
Caveats
  • Supply blocks, unpowered buildings, or Contaminate may cause inaccurate times.
  • Supply counts are checked every 10 seconds.